 Dungeon Crawl Stone Soup version 0.26.0-10-g1f06aea511 (webtiles) character file.

Game seed: 12527691871044793414

59 Borgoz the Slasher (level 4, -7/37 HPs)
             Began as a Ghoul Gladiator on Jan 18, 2021.
             Mangled by Sigmund
             ... wielding a +2 scythe of protection
              (12 damage)
             ... on level 2 of the Dungeon.
             The game lasted 00:01:10 (1053 turns).

Borgoz the Slasher (Ghoul Gladiator)                Turns: 1053, Time: 00:01:11

Health: -7/37      AC:  8    Str: 17    XL:     4   Next: 3%
Magic:  3/3        EV: 12    Int:  3    God:
Gold:   98         SH:  0    Dex: 11    Spells: 3/3 levels left

rFire    . . .     SeeInvis .   a - +0 long sword
rCold    + . .     Faith    .   (no shield)
rNeg     + + +     Spirit   .   b - +0 leather armour
rPois    ∞         Reflect  .   c - +0 helmet
rElec    .         Harm     .   (no cloak)
rCorr    .         Rampage  .   (no gloves)
Will     .....                  (no boots)
Stlth    +.........             (no amulet)
HPRegen  0.00/turn              g - +4 ring of protection
MPRegen  0.08/turn              (no ring)

@: brilliant
A: claws 1, cold resistance 1, negative energy resistance 3, inhibited
regeneration, torment resistance, unbreathing
a: no special abilities


You were on level 2 of the Dungeon.
You visited 1 branch of the dungeon, and saw 2 of its levels.

You collected 98 gold pieces.

Inventory:

Hand Weapons
 a - a +0 long sword (weapon)
Missiles
 d - 3 throwing nets (quivered)
Armour
 b - a +0 leather armour (worn)
 c - a +0 helmet (worn)
Jewellery
 g - a +4 ring of protection (left claw)
Scrolls
 f - a scroll of noise {unknown}
 i - 2 scrolls of identify {unknown}
 j - a scroll of random uselessness {unknown}
 m - a scroll of blinking {unknown}
Potions
 k - a potion of resistance


   Skills:
 + Level 2.8 Fighting
 * Level 3.4 Long Blades
 - Level 1.7 Throwing
 + Level 1.1 Armour
 + Level 3.1 Dodging


You had 3 spell levels left.
You didn't know any spells.
Your spell library was empty.

Dungeon Overview and Level Annotations

Branches:
Dungeon (2/15)

Altars:
Kikubaaqudgha

Annotations:
D:2 Sigmund


Innate Abilities, Weirdness & Mutations

You thrive by killing the living.
You are immune to poison.
You have sharp fingernails.
Your flesh is cold resistant. (rC+)
You are immune to negative energy. (rN+++)
You do not regenerate when monsters are visible.
You are immune to unholy pain and torment.
You can survive without breathing.


Message History

Something tries to affect you, but you resist.
The now-empty wand crumbles to dust.
You're too confused to move!
Something hits you but does no damage.
It was a potion of invisibility.
You fade into invisibility!
You feel less confused.
A magic dart appears from out of thin air!
The magic dart hits you.
You are very lightly contaminated with residual magic.
It was a potion of cancellation.
Your magical effects are unravelling.
You feel magically purged.
Your magical contamination has completely faded away.
You flicker back into view.
Your resistance to elements expires.
Something hits you!
It was a potion of brilliance.
You feel clever all of a sudden. Something hits you!
* * * LOW HITPOINT WARNING * * *
You closely miss something. Something hits you!
You die...

##### #.....
#.....######
#.....#....#
#.....#....# #
#..........######
.#
#.....$.........#
...
#.....{@.........
....
###.###...†####.
.... #....## ....
####..## ....
##..# .... ##.#
.... #.## ....
#..# .... ##.###
###.


There were no monsters in sight!

Vanquished Creatures
  An adder (D:2)
  A worm (D:2)
  4 dart slugs
  2 leopard geckos (D:1)
  A ball python (D:2)
  3 bats (D:1)
  3 giant cockroaches (D:1)
  3 hobgoblins
  6 jackals
  A kobold (D:1)
  3 frilled lizards
  3 goblins
  3 rats
34 creatures vanquished.

Vanquished Creatures (others)
  A plant (D:2)
1 creature vanquished.

Grand Total: 35 creatures vanquished

Notes
Turn   | Place    | Note
-------+----------+-------------------------------------------
     0 | D:1      | Borgoz the Ghoul Gladiator began the quest for the Orb.
     0 | D:1      | Reached XP level 1. HP: 17/17 MP: 0/0
   194 | D:1      | Reached XP level 2. HP: 24/25 MP: 1/1
   485 | D:1      | Reached XP level 3. HP: 29/30 MP: 2/2
   848 | D:2      | Found an ancient bone altar of Kikubaaqudgha.
   898 | D:2      | Reached skill level 1 in Armour
   946 | D:2      | Reached XP level 4. HP: 30/37 MP: 3/3
  1033 | D:2      | Noticed Sigmund
  1053 | D:2      | Mangled by Sigmund

Illustrated notes

Levels and vault maps discovered:
D:1:      minmay_arrival_plants_in_alcoves, layout_rooms,
          serial_co_window_serial, co_window_corner_a,
          co_window_of_opportunity_a, co_window_corner_a, co_window_corner_a,
          co_window_paths_b, co_window_of_opportunity_a, co_window_paths_a,
          co_window_of_opportunity_b, co_window_broadway_c,
          co_window_broadway_c, co_window_unsneaky_path_c,
          co_window_unsneaky_path_a, glass_columns_a, glass_columns_a,
          glass_columns_b
D:2:      layout_rooms, grunt_ministairs_5, serial_bayou_pond_c,
          tgw_kikubaaqudgha, uniq_sigmund

Skill      XL: |  1  2  3 |
---------------+----------+-----
Long Blades    | 3 |  3.4
Dodging        | 3 |  3.1
Armour         | 1 |  1.1
Fighting       | |  2.8
Throwing       | |  1.7

Action                   |  1- 3 |  4- 6 || total
-------------------------+-------+-------++-------
Melee: Long sword        |    84 |     5 ||    89
  Use: Potion            |       |     4 ||     4
Armor: Leather armour    |    51 |     1 ||    52
Dodge: Dodged            |   102 |     2 ||   104
       Rpst.: Long sword |    28 |       ||    28
